Map: Ultralove

Players

LiquidClem (Clem) - Winner!

  • Race: Terran Terran
  • League: Grandmaster
  • Spawn Location: 7:00

MaxPax

  • Race: Protoss Protoss
  • League: Master
  • Spawn Location: 1:00

VOD

Have the link to the VOD?

Description

Time

  • Played on: June 24, 2025, 10:38 p.m.
  • Length: 8:13
Show
View Real Time Build Order
Export as new Build Order

LiquidClem Terran - Winner!

Build Orders: Banshee Rush 

Get SALT Encoding   

  12  0:00  SCV  
  13  0:12  SCV  
  14  0:17  Supply Depot  
  14  0:24  SCV  
  15  0:38  SCV  
  15  0:40  Barracks  
  16  0:42  Refinery  
  16  0:50  SCV  
  16  0:55  Refinery  
  17  1:03  SCV  
  18  1:15  SCV  
  19  1:28  Orbital Command, Reaper  
  19  1:30  Supply Depot  
  20  1:44  Factory  
  20  1:53  SCV  
  21  2:01  Barracks Reactor  
  21  2:05  SCV  
  22  2:15  Command Center  
  22  2:18  SCV  
  23  2:31  SCV  
  23  2:32  Starport  
  24  2:37  Supply Depot  
  24  2:40  Widow Mine  
  24  2:43  SCV  
  27  2:45  Marine  
  27  2:46  Marine  
  29  2:55  SCV  
  30  3:03  Marine  
  30  3:04  Marine  
  32  3:07  SCV  
  32  3:09  Medivac  
  35  3:16  Factory Tech Lab  
  35  3:19  SCV  
  36  3:21  Marine x2  
  38  3:31  SCV  
  39  3:39  Marine x2  
  41  3:43  SCV  
  41  3:47  Cloaking Field  
  41  3:48  Banshee  
  45  3:49  Orbital Command  
  45  3:55  SCV  
  45  4:00  Marine x2  
  48  4:03  Factory Tech Lab, Supply Depot  
  48  4:07  SCV  
  49  4:14  SCV  
  49  4:20  SCV, Marine x2  
  49  4:21  Supply Depot  
  49  4:27  SCV  
  49  4:31  Banshee  
  52  4:32  SCV, Barracks  
  52  4:34  Bunker  
  52  4:37  Siege Tank  
  56  4:40  SCV  
  56  4:44  Supply Depot  
  56  4:45  SCV, Marine x2  
  60  4:53  SCV  
  60  4:54  Supply Depot  
  60  4:58  SCV  
  60  4:59  Barracks  
  62  5:03  Marine x2  
  62  5:05  SCV  
  65  5:07  Refinery  
  65  5:10  SCV  
  66  5:17  SCV, Engineering Bay  
  70  5:21  Marine  
  70  5:22  SCV  
  72  5:28  Refinery  
  72  5:29  SCV  
  72  5:30  Siege Tank  
  72  5:34  SCV  
  74  5:38  Starport Reactor  
  74  5:40  Marine x2, Supply Depot  
  74  5:41  SCV, Stimpack  
  74  5:42  Marauder  
  79  5:44  Terran Infantry Weapons Level 1  
  79  5:46  SCV  
  79  5:49  Marine  
  81  5:52  Supply Depot  
  81  5:53  SCV  
  82  5:58  SCV  
  82  5:59  Marine x2  
  85  6:06  Command Center  
  85  6:08  Marauder  
  85  6:09  Factory Reactor  
  88  6:12  Supply Depot  
  88  6:14  Medivac x2  
  88  6:17  Combat Shield  
  91  6:19  Marine x2  
  91  6:23  Marauder  
  95  6:27  Supply Depot  
  95  6:36  Marauder  
  95  6:38  Marine x2  
  95  6:39  Barracks x2  
  99  6:41  SCV x2  
  99  6:46  Supply Depot  
  101  6:48  Widow Mine  
  101  6:49  Widow Mine  
  101  6:50  Marauder  
  101  6:53  Medivac  
  109  6:56  Medivac  
  109  6:59  Marine, Supply Depot  
  111  7:01  Marine  
  111  7:03  Marauder  
  111  7:07  SCV  
  114  7:10  SCV  
  114  7:11  Marauder  
  117  7:17  Supply Depot  
  117  7:19  Widow Mine x2, Marine  
  117  7:22  SCV  
  120  7:25  Marauder, Marine  
  122  7:35  Barracks Tech Lab, Barracks Reactor  
  122  7:36  Marauder  
  119  7:37  Medivac x2  
  119  7:38  SCV  
  119  7:40  SCV  
  119  7:44  Marine  
  126  7:45  Marine  
  126  7:46  Marauder  
  126  7:47  Widow Mine x2  
  126  7:51  SCV  
  123  7:52  SCV  
Show
View Real Time Build Order
Export as new Build Order

MaxPax Protoss 

Build Orders: 1 Gate Expand, Phoenix Opening, Blink Stalkers 

Get SALT Encoding   

  12  0:00  Probe  
  13  0:12  Probe  
  14  0:16  Pylon  
  14  0:23  Probe  
  15  0:31  Probe  
  16  0:35  Gateway  
  16  0:39  Probe  
  16  0:45  Assimilator  
  17  0:51  Probe  
  18  1:03  Probe  
  19  1:15  Probe  
  20  1:22  Nexus  
  20  1:30  Cybernetics Core  
  20  1:34  Probe  
  20  1:38  Assimilator  
  21  1:46  Probe  
  22  1:49  Pylon  
  22  1:55  Stalker  
  22  1:58  Probe  
  23  2:07  Warp Gate  
  25  2:10  Probe  
  25  2:13  Shield Battery  
  26  2:22  Probe  
  27  2:24  Sentry  
  27  2:25  Phoenix  
  27  2:29  Probe  
  29  2:34  Probe  
  31  2:37  Probe  
  31  2:42  Twilight Council  
  32  2:46  Probe  
  32  2:48  Probe  
  34  2:53  Phoenix  
  34  2:54  Gateway  
  34  2:57  Stalker  
  34  2:58  Probe  
  34  3:00  Blink  
  34  3:03  Probe  
  38  3:10  Probe  
  39  3:15  Probe  
  40  3:23  Probe  
  40  3:26  Gateway  
  41  3:27  Probe  
  41  3:31  Pylon  
  42  3:35  Probe  
  42  3:39  Probe  
  44  3:47  Probe  
  45  3:51  Probe  
  45  3:52  Pylon  
  46  3:57  Stalker x2  
  46  3:59  Probe  
  51  4:03  Probe  
  52  4:11  Probe  
  52  4:16  Probe  
  53  4:23  Probe  
  48  4:25  Nexus  
  48  4:26  Stalker, Probe  
  50  4:34  Probe  
  50  4:35  Probe  
  51  4:42  Probe  
  51  4:43  Robotics Facility  
  52  4:46  Stalker  
  52  4:47  Probe  
  52  4:50  Assimilator  
  56  4:54  Pylon  
  56  4:55  Probe  
  56  4:57  Stalker  
  56  4:59  Probe  
  60  5:05  Shield Battery  
  60  5:07  Probe  
  61  5:11  Probe  
  61  5:19  Probe  
  62  5:24  Probe, Observer  
  60  5:31  Probe  
  62  5:36  Probe  
  62  5:38  Probe  
  62  5:42  Observer  
  64  5:43  Probe  
  64  5:45  Shield Battery  
  64  5:48  Probe  
  67  5:50  Probe  
  67  5:51  Charge  
  67  5:55  Probe  
  69  5:57  Probe  
  69  5:58  Forge, Probe  
  69  6:00  Stalker  
  69  6:03  Gateway  
  73  6:05  Stalker  
  73  6:06  Probe, Observer  
  73  6:08  Probe  
  78  6:11  Gateway  
  78  6:17  Gateway  
  78  6:23  Warp Prism  
  80  6:29  Gateway  
  80  6:31  Gateway  
  80  6:36  Pylon  
  80  6:37  Zealot x2  
  84  6:43  Pylon  
  84  6:44  Robotics Bay  
  84  6:47  Pylon  
  84  6:51  Pylon  
  84  6:54  Immortal  
  84  6:55  Zealot  
  89  7:11  Stalker  
  89  7:15  Zealot x4  
  85  7:26  Sentry, Zealot x2  
  88  7:35  Stalker, Zealot x2  
  82  7:40  Zealot x2  
  85  7:54  Zealot x3  
  77  7:58  Stalker x3  
Tags
 
Add a new tag
Caveats
  • Supply blocks, unpowered buildings, or Contaminate may cause inaccurate times.
  • Supply counts are checked every 10 seconds.